← All builds
Beach sea / Cortex / Economy first / OBSERVED BUILD

Standard beach sea

The role's usual play: com goes to sea to build a shipyard around 2 minutes, pumping frigates and destroyers to contest enemy sea entry or hold vision, with an advanced metal extractor around 10 minutes as the transition into the team's…

Usually shipyard first (94%)

#naval #eco · 797 distinct matches · 106 players · 84% of Cortex Beach sea games · team won 55% of 860 · Recently observed

HOW TO PLAY IT

Key timing: Shipyard by 1:57

  1. Open 3 mex and wind while com heads straight to sea.
  2. Drop Shipyard fast, before 2:00, to seize early sea presence.
  3. Push "frigate" out to contest enemy sea entry or hold vision.
  4. Add "destroyer" as the fleet grows.
  5. Transition into Advanced Metal Extractor to catch up on eco.

Phase by phase

TYPICAL OF ITS 797 GAMES
  1. 1
  2. 2
  3. 3
PLAY THE OPENING

Follow the example game's first 6:00 step by step: what to build now, what comes next, and where it goes. At 1× it keeps pace with your own game.

  1. 1

    Up to the Shipyard

    Economy
    • Metal Extractor3Mex
    • Wind Turbine3Windfor allies
    • Wind Turbine2Wind
    • Energy Storage1Energy storage
    Order
    1. ShipyardShipyard after 3 mex, 2 wind, 1 energy storagedone ~1:57, middle half 1:45–2:08

    By 1:41 in all: 3 mex · 2 wind · 1 energy storage

    The example game in this phase · 3 steps
    1. Mex ×3
    2. Wind
    3. ShipyardShipyarddone 1:17 · typical 1:57
  2. 2

    Shipyard to 5:00

    Economy
    • Metal Extractor5Mex
    • Tidal Generator2Tidal
    Builders
    • Construction Ship2 Con ship
    Army
    • Riptide2 Frigate
    • Herring1 Missile corvette
    • Oppressor1 Destroyer
    Other
    • Naval Radar / Sonar Tower1 Naval Radar / Sonar Tower

    Some games also: Urchin (43%) · wind (40%) · submarine (39%) · gunboat (36%) · con turret (35%)

    By 5:00 in all: 8 mex · 3 wind · 2 tidal · 1 energy storage

    The example game in this phase · 27 steps
    1. Solar
    2. HerringMissile corvette
    3. Solar
    4. Construction ShipCon ship
    5. Solar
    6. Tidal ×2
    7. SupporterGunboat ×2
    8. Mex
    9. SupporterGunboat ×2
    10. Mex
    11. Construction ShipCon ship
    12. Mex
    13. SupporterGunboat ×3
    14. Mex
    15. SupporterGunboat ×2
    16. Naval Radar / Sonar TowerNaval Radar / Sonar Tower
    17. Mex
    18. Construction ShipCon ship
    19. Mex
    20. SupporterGunboat ×3
    21. Mex
    22. SupporterGunboat
    23. HerringMissile corvette
    24. SupporterGunboat
    25. ShipyardShipyarddone 5:01
    26. SupporterGunboat ×3
    27. OrcaSubmarinedone 5:31
  3. 3

    5:00 to 10:00

    Economy
    • Metal Extractor1Mex
    • Wind Turbine10Wind
    Builders
    • Death Cavalry1 Death Cavalry
    • Construction Ship1 Con ship
    Army
    • Urchin1 Urchin
    • Riptide5 Frigate
    • Oppressor2 Destroyer
    • Herring2 Missile corvette
    Other
    • Naval Radar / Sonar Tower1 Naval Radar / Sonar Tower

    Some games also: Naval Construction Turret (48%) · Guard (47%) · Radar Tower (40%) · tidal (38%) · con turret (35%)

    By 10:00 in all: 9 mex · 12 wind · 4 wind · 4 tidal · 1 energy storage · 1 Naval Construction Turret

    The example game in this phase · 71 steps
    1. SupporterGunboat
    2. SentrySentry
    3. SupporterGunboat ×3
    4. OrcaSubmarine ×2
    5. SentrySentry
    6. Construction ShipCon ship
    7. SupporterGunboat ×4
    8. SentrySentry
    9. Naval Radar / Sonar TowerNaval Radar / Sonar Tower
    10. SupporterGunboat ×3
    11. NettleNettle
    12. SupporterGunboat ×2
    13. Tidal
    14. SupporterGunboat
    15. NettleNettle
    16. Tidal
    17. Death CavalryDeath Cavalry
    18. Tidal
    19. Advanced Metal ExtractorT2 mexdone 8:33 · typical 9:57
    20. SupporterGunboat
    21. Wind
    22. SupporterGunboat ×2
    23. Tidal
    24. SupporterGunboat ×3
    25. Wind
    26. SupporterGunboat ×2
    27. Tidal
    28. SupporterGunboat
    29. Naval Radar / Sonar TowerNaval Radar / Sonar Tower
    30. SupporterGunboat
    31. Wind
    32. SupporterGunboat
    33. Tidal
    34. SupporterGunboat
    35. Advanced Metal ExtractorT2 mex
    36. SupporterGunboat ×2
    37. Wind
    38. SupporterGunboat ×3
    39. Wind
    40. SupporterGunboat
    41. OrcaSubmarine
    42. Advanced Metal ExtractorT2 mex
    43. OrcaSubmarine
    44. Wind
    45. Naval Energy Storage
    46. SupporterGunboat ×2
    47. Wind
    48. SupporterGunboat ×5
    49. Wind
    50. SupporterGunboat ×5
    51. Wind
    52. SupporterGunboat ×4
    53. Advanced Metal ExtractorT2 mex
    54. SupporterGunboat ×2
    55. Wind
    56. SupporterGunboat ×3
    57. Wind
    58. SupporterGunboat ×2
    59. Wind
    60. SupporterGunboat ×4
    61. Wind
    62. SupporterGunboat
    63. Metal storage
    64. Energy storage
    65. Bot LabBot Labdone 12:55
    66. Construction BotCon bot ×3
    67. Con turret
    68. Construction BotCon bot ×2
    69. Fusion ReactorFusiondone 14:49
    70. Radar TowerRadar Tower
    71. Con turret ×2

Counts are medians over the build's games: half of them build more, half fewer. The example game is SuperKitowiec's (44 OS, 28/09/2026); pick another.

Team trades

IN AT LEAST 30% OF ITS GAMES

You hand over

  • Wind Turbine3 Wind to Airfirst at 1:52 · in 78% of games

You get

  • Finch1 Finch from Airfirst at 1:58 · in 82% of games
  • Lazarus1 Lazarus from Geofirst at 2:14 · in 62% of games
  • Hephaestus1 Heavy transport from Airfirst at 2:16 · in 68% of games
  • Construction Bot1 Con bot from Geofirst at 2:27 · in 69% of games
  • Hercules1 Light transport from Airfirst at 2:33 · in 32% of games
  • Advanced Construction Bot1 T2 con bot from Techfirst at 8:09 · in 88% of games

How it plays out

Typical game of this build, running totals by minute

Metal produced

010k20k30k
0:005:0010:0015:00

metal

Enemy metal destroyed

05k10k
0:005:0010:0015:00

metal

Own metal lost

02.5k5k7.5k
0:005:0010:0015:00

metal

860 games.

Show as table
ByMetal produced: This buildEnemy metal destroyed: This buildOwn metal lost: This build
1:0040300
2:0093700
3:00156700
4:0025252150
5:003701197100
6:005033535253
7:0064791089590
8:00807318231036
9:00968328441610
10:001158939952337
11:001381552163090
12:001635861623828
13:001916272054613
14:002195883165726
15:002496293126596
WHAT THE NUMBERS SAY

Standard Beach sea wins more than Geo sea's 50% and gets its Shipyard up faster, using early sea access before falling behind on land resources.

  • + Shipyard finishes by 1:57, faster than Geo sea's 3:18
  • + 54% team win rate beats the Cortex geo sea baseline
  • − Metal produced trails Geo sea's Cortex build, 24356 vs 28451 by 15:00
  • − T2 factory only lands in 35% of games by 12:42
THE EXAMPLE YOU ARE READING

SuperKitowiec

44.1 OS · 28/09/2026

Open source match ↗

17 received units · includes a constructor
158 metal received · 75652 energy received

Allied construction assistance is unknown. Timings are observations, not a promise of solo reproducibility.

Typical milestones

Shipyard1:57Middle 50%: 1:45–2:08 · n=858
Riptide3:52Middle 50%: 3:16–4:34 · n=846
Oppressor5:10Middle 50%: 4:13–6:08 · n=831
Advanced Metal Extractor9:57Middle 50%: 9:16–10:53 · n=731

Played most by

EpicTyrannus83games of this buildDamsko66games of this buildWaboum64games of this buildPRO_HYDRA58games of this buildMrCoolPotato51games of this build